 Dungeon Crawl Stone Soup version 0.29.1-2-gbd0b4ee654 (webtiles) character file.

Game seed: 17804476286337384551

105 safid the Shooter (level 4, -7/41 HPs)
             Began as a Minotaur Hunter on Nov 30, 2022.
             Mangled by an iguana (9 damage)
             ... on level 4 of the Dungeon.
             The game lasted 00:02:30 (2577 turns).

safid the Shooter (Minotaur Hunter)                 Turns: 2577, Time: 00:02:30

Health: -7/41      AC:  4    Str: 16    XL:     4   Next: 54%
Magic:  3/3        EV: 12    Int:  6    God:
Gold:   186        SH:  0    Dex: 15    Spells: 3/3 levels left

rFire   . . .      SeeInvis .   a - +0 shortbow
rCold   . . .      Faith    .   (shield currently unavailable)
rNeg    . . .      Spirit   .   c - +0 leather armour
rPois   .          Reflect  .   (helmet restricted)
rElec   .          Harm     .   (no cloak)
rCorr   .          Rampage  .   (no gloves)
Will    .....                   m - +0 pair of boots
Stlth   +.........              (no amulet)
HPRegen 0.13/turn               (no ring)
MPRegen 0.08/turn               (no ring)

@: flying
A: horns 2, retaliatory headbutt
a: no special abilities


You were on level 4 of the Dungeon.
You visited 1 branch of the dungeon, and saw 4 of its levels.

You collected 186 gold pieces.

Inventory:

Hand Weapons
 a - a +0 shortbow (weapon)
Missiles
 p - 4 curare-tipped darts
Armour
 c - a +0 leather armour (worn)
 m - a +0 pair of boots (worn)
Wands
 k - a wand of paralysis (9)
Scrolls
 b - a scroll of immolation
 d - a scroll of enchant armour {unknown}
 f - 2 scrolls of poison {unknown}
 g - 6 scrolls of identify {unknown}
 l - 2 scrolls of amnesia {unknown}
 u - a scroll of teleportation {unknown}
Potions
 e - a potion of haste {unknown}
 h - 2 potions of curing {unknown}
 i - a potion of might {unknown}
 j - 2 potions of flight
 n - a potion of ambrosia {unknown}
 o - 2 potions of attraction {unknown}
 q - a potion of lignification {unknown}
 r - a potion of heal wounds {unknown}
 s - a potion of mutation {unknown}
 t - a potion of magic {unknown}


   Skills:
 + Level 4.5 Fighting
 + Level 5.6 Ranged Weapons
 - Level 2.1 Dodging
 - Level 0.7 Stealth


You had 3 spell levels left.
You didn't know any spells.
Your spell library was empty.

Dungeon Overview and Level Annotations

Branches:
Dungeon (4/15)
 Temple: D:4-7

Altars:
Fedhas
Kikubaaqudgha
Xom

Annotations:
D:3 2 transporters, mkat's ghost, amateur BaIE


Innate Abilities, Weirdness & Mutations

You have a pair of horns on your head.
You reflexively headbutt those who attack you in melee.


Message History

The iguana is moderately wounded.
The iguana barely misses you. The iguana closely misses you.
You shoot an arrow.
The arrow hits the iguana but does no damage.
The iguana is moderately wounded.
The iguana bites you.
You shoot an arrow. The arrow closely misses the iguana.
The iguana bites you!
You shoot an arrow. The arrow closely misses the iguana.
The iguana bites you! x2
* * * LOW HITPOINT WARNING * * *
You are too injured to fight recklessly!
You are too injured to fight recklessly!
You are too injured to fight recklessly!
Unknown command.
You are too injured to fight recklessly!
You are too injured to fight recklessly!
You are too injured to fight recklessly!
Fire: a) +0 shortbow
Press: ? - help, Q - select action, (/) - cycle Shift-Dir - straight line, f/p - iguana
Aim: an iguana (moderately wounded, 66% to hit)
You shoot an arrow.
The arrow hits the iguana but does no damage.
The iguana is moderately wounded.
The iguana closely misses you.
Fire: a) +0 shortbow
Press: ? - help, Q - select action, (/) - cycle Shift-Dir - straight line, f/p - iguana
Aim: an iguana (moderately wounded, 66% to hit)
You shoot an arrow. The arrow hits the iguana.
The iguana is heavily wounded.
The iguana closely misses you.
Fire: a) +0 shortbow
Press: ? - help, Q - select action, (/) - cycle Shift-Dir - straight line, f/p - iguana
Aim: an iguana (heavily wounded, 66% to hit)
You shoot an arrow.
The arrow hits the iguana but does no damage.
The iguana is heavily wounded.
The iguana misses you.
It was a potion of flight.
You feel very buoyant.
You fly up into the air.
The iguana bites you!
You die...

.#.###### .#......#
'# .#......# ...
.#......# ..
.#......+##+## ##'
.#.#..###..#.. ..# #
.#.#..###..#'###'# .#
.#.....##..#.....#..#
....##..'..+.._.@l).+
.#.###..#..#.....#..#
.#.# ##.#..#'###+# .#
##># #.#..#.....# #
### #.'##'##+##+
#.#.....# #.#.....# #
#.###+##+ ## #..


You could see an iguana.

Vanquished Creatures
  An iguana (D:4)
  An adder (D:4)
  2 worms
  3 dart slugs
  An orc (D:4)
  2 endoplasms
  4 giant cockroaches
  4 goblins
  5 hobgoblins
  7 jackals
  4 kobolds
  3 quokkas
  8 ball pythons
  4 bats
  A frilled lizard (D:2)
  3 rats
53 creatures vanquished.

Notes
Turn   | Place    | Note
-------+----------+-------------------------------------------
     0 | D:1      | safid the Minotaur Hunter began the quest for the Orb.
     0 | D:1      | Reached XP level 1. HP: 18/18 MP: 0/0
   296 | D:1      | Reached XP level 2. HP: 25/25 MP: 1/1
  1014 | D:2      | Reached skill level 5 in Ranged Weapons
  1014 | D:2      | Reached XP level 3. HP: 31/31 MP: 2/2
  1392 | D:2      | Found a faded altar of an unknown god.
  1643 | D:3      | Found a transporter.
  1644 | D:3      | Noticed an ogre
  1644 | D:3      | Noticed mkat's ghost (amateur BaIE)
  1645 | D:3      | Found a transporter.
  1645 | D:3      | Noticed an ogre
  1905 | D:3      | Found an ancient bone altar of Kikubaaqudgha.
  2361 | D:4      | Reached XP level 4. HP: 37/41 MP: 3/3
  2463 | D:4      | Found a shimmering altar of Xom.
  2558 | D:4      | Found a blossoming altar of Fedhas.
  2573 | D:4      | HP: 2/41 [iguana (11)]
  2577 | D:4      | Mangled by an iguana

Illustrated notes

Levels and vault maps discovered:
D:1:      spicycebolla_arrival_clurvy, layout_basic
D:2:      layout_loops_cross, hellmonk_ecumenical_altar_heavens_door
D:3:      layout_rooms, lemuel_round_altar, gammafunk_ghost_smash
D:4:      layout_basic, mainiacjoe_overflow_24_doors, fiery_altar_vehumet,
          xom_butterflies, grunt_temple_overflow_opulence, serial_glass,
          glass_columns_a, glass_columns_a, item_on_display_a,
          minmay_strange_pillars

Skill      XL: |  1  2  3 |
---------------+----------+-----
Fighting       | 3 4 |  4.5
Ranged Weapons | 5 |  5.6
Dodging        | |  2.1
Stealth        | |  0.7

Action                   |  1- 3 |  4- 6 || total
-------------------------+-------+-------++-------
 Fire: Shortbow          |   131 |    26 ||   157
  Use: Potion            |       |     1 ||     1
Armor: Leather armour    |    17 |     3 ||    20
Dodge: Dodged            |    32 |    13 ||    45
